 Dungeon Crawl Stone Soup version 0.31-a0-1626-g5cb510d322 (webtiles) character file.

Game seed: 5540775328319301008

366 anacleto the Changeling (level 6, -3/57 (59) HPs)
             Began as a Troll Shapeshifter on Jan 13, 2024.
             Slain by a wight
             ... wielding a +0 spear
              (7 damage)
             ... on level 4 of the Dungeon.
             The game lasted 00:04:25 (2015 turns).

anacleto the Changeling (Troll Shapeshifter)        Turns: 2015, Time: 00:04:27

HP:   -3/57 (59)    AC:  4    Str: 25    XL:     6   Next: 40%
MP:   6/6           EV: 10    Int:  6    God:
Gold: 134           SH:  0    Dex:  9    Spells: 5/5 levels left

rFire   . .          .
                       - Unarmed
rCold   . . .        (no shield)
rNeg    . . .        a - +0 animal skin
rPois   .            (helmet currently unavailable)
rElec   .            (cloak currently unavailable)
rCorr   .            (gloves unavailable)
SInv    .            (boots unavailable)
Will    .....        (no amulet)
Stlth   +            (no ring)
HPRegen 1.09/turn    (no ring)
MPRegen 0.10/turn

%: no passive effects
@: beast-form, lightly drained
A: beast (slay +2), large, unfitting armour, claws 3, regeneration 1, shaggy fur
1, tough skin 1
a: Begin Untransformation


You were on level 4 of the Dungeon.
You were a hulking beast.
You visited 1 branch of the dungeon, and saw 4 of its levels.

You collected 134 gold pieces.

Inventory:

Armour
 a - a +0 animal skin (worn)
Jewellery
 n - a ring of protection from fire
Talismans
 c - a beast talisman
 d - a flux talisman
 g - a talisman of death
Scrolls
 e - a scroll of noise
 f - 3 scrolls of teleportation
 h - a scroll of vulnerability
 j - a scroll of fog {unknown}
 l - a scroll of silence {unknown}
 m - 2 scrolls of immolation {unknown}
Potions
 b - a potion of lignification
 i - a potion of heal wounds
 k - a potion of curing {unknown}


   Skills:
 * Level 2.5 Fighting
 + Level 1.6 Throwing
 + Level 2.3 Dodging
 * Level 4.2 Unarmed Combat
 + Level 1.6 Invocations
 * Level 4.2 Shapeshifting


You had 5 spell levels left.
You didn't know any spells.
Your spell library contained the following spells:

 Spells                   Type           Power      Damage    Failure   Level
 Dazzling Flash           Conj/Hex       0%         N/A       83%         3
 Mephitic Cloud           Conj/Alch/Air  0%         N/A       83%         3
 Brom's Barrelling Bould  Conj/Erth      0%         2d3       99%         4
 Passage of Golubria      Tloc           0%         N/A       99%         4
 Curse of Agony           Necr           0%         N/A       100%        5
 Fireball                 Conj/Fire      0%         3d3       100%        5
 Iskenderun's Battlesphe  Conj           0%         2d6       100%        5
 Silence                  Hex/Air        0%         N/A       100%        5
 Conjure Ball Lightning   Conj/Air       0%         3x3d6     100%        6
 Orb of Destruction       Conj           0%         9d5       100%        7
 Lehudib's Crystal Spear  Conj/Erth      0%         10d2      100%        8


Dungeon Overview and Level Annotations

Branches:
Dungeon (4/15)
 Temple: D:4-7

Altars:


Innate Abilities, Weirdness & Mutations

You are a hulking beast.
Your limbs bulge with bestial killing power. (Slay +2)
You are too large for most types of armour.
You have claws for hands.
Your natural rate of healing is unusually fast.
You are covered in fur. (AC +1)
You have tough skin. (AC +1)


Message History

A wight comes into view. It is wielding a +0 battleaxe.
A wight is nearby!
You see here an adder corpse.
The wight closely misses you.
You claw the wight!
The wight is severely damaged.
The wight hits you with a +0 battleaxe.
You feel drained.
You claw the wight!
You destroy the wight!
Your life force feels restored.
Things that are here:
a +0 battleaxe; a +0 robe A wight comes into view.
It is wielding a +2 halberd.
A wight comes into view. It is wielding a +0 spear.
A wight comes into view. It is wielding a +3 scimitar.
There are monsters nearby!
A wight comes into view. It is wielding a +0 mace.
Things that are here:
a +0 battleaxe; a +0 robe The wight attacks as it pursues you!
The wight hits you from afar with a +2 halberd!
The wight hits you with a +2 halberd!
Things that are here:
a +0 battleaxe; a +0 robe You completely miss the wight.
The wight barely misses you.
You scratch the wight.
The wight is lightly damaged.
The wight hits you with a +2 halberd! The wight barely misses you.
You claw the wight!
The wight is almost destroyed.
The wight closely misses you.
The wight hits you from afar with a +0 spear!
You completely miss the wight.
The wight is almost destroyed.
The wight hits you with a +2 halberd!
* * * LOW HITPOINT WARNING * * *
You feel drained.
* * * LOW HITPOINT WARNING * * *
The wight hits you from afar with a +0 spear!
You die...

### #.. #.# #.#
######### #.#
#.......# ##.##
#.#####.# ##...###
#.# #h# #......#
#.#
#z####....#.......
#>#
#zz†zz............
#.#
####.z...#######.#
#.# #.#.### # #.#
#.#..# #.# #......
#.# ####.### #.#
.#


You could see 3 wights.

Vanquished Creatures
  An ogre (D:3)
  A wight (D:4)
  A bombardier beetle (D:3)
  2 orc priests (D:3)
  An iguana (D:4)
  An orc wizard (D:4)
  3 adders
  11 orcs
  6 endoplasms
  3 giant cockroaches
  5 goblins
  5 hobgoblins
  4 kobolds
  2 quokkas (D:1)
  7 ball pythons
  5 bats
  3 rats
61 creatures vanquished.

Notes
Turn   | Place    | Note
-------+----------+-------------------------------------------
     0 | D:1      | anacleto the Troll Shapeshifter began the quest for the
                  | Orb.
     0 | D:1      | Reached XP level 1. HP: 18/18 MP: 0/0
   117 | D:1      | Reached skill level 1 in Fighting
   125 | D:1      | Reached XP level 2. HP: 27/27 MP: 1/1
   862 | D:2      | Reached XP level 3. HP: 33/33 MP: 2/2
  1242 | D:3      | Reached skill level 1 in Invocations
  1242 | D:3      | Reached XP level 4. HP: 33/42 MP: 3/3
  1245 | D:3      | Reached skill level 1 in Throwing
  1437 | D:3      | Noticed an ogre
  1485 | D:3      | Killed an ogre
  1486 | D:3      | Reached XP level 5. HP: 20/49 MP: 4/4
  1892 | D:4      | Reached XP level 6. HP: 52/57 MP: 6/6
  2015 | D:4      | Slain by a wight

Illustrated notes

Levels and vault maps discovered:
D:1:      shiori_shiawase, layout_basic
D:2:      layout_basic
D:3:      layout_loops_ring
D:4:      layout_loops_ring, minitemple

Skill      XL: |  1  2  3  4  5 |
---------------+----------------+-----
Fighting       | 1 2 |  2.5
Invocations    | 1 |  1.6
Throwing       | 1 |  1.6
Dodging        | 2 |  2.3
Shapeshifting  | 4 |  4.2
Unarmed Combat | 4 |  4.2

Action                     |  1- 3 |  4- 6 || total
---------------------------+-------+-------++-------
  Melee: Unarmed           |    79 |    51 ||   130
         Punch             |       |     1 ||     1
    Use: Scroll            |     1 |     3 ||     4
 Armour: Animal skin       |    53 |    39 ||    92
  Dodge: Dodged            |    36 |    27 ||    63

Table legend: (Time is in decaauts)
 A = Elapsed time spent in this place.
 B = Non-inter-level travel time spent in this place.
 C = Inter-level travel time spent in this place.
 D = Time resting spent in this place.
 E = Time spent auto-exploring this place.
 F = Levels seen in this place.
 G = Mean time per level.
                   A        B        C        D        E       F      G
               +--------+--------+--------+--------+--------+-----+--------+
         Total |   2008 |   1947 |     61 |     50 |   1372 |   4 |  502.0 |
       Dungeon |   2008 |   1947 |     61 |     50 |   1372 |   4 |  502.0 |
               +--------+--------+--------+--------+--------+-----+--------+

Top non-repeatable levels by time:
     D:3: 803 daAuts
     D:1: 644 daAuts
     D:2: 430 daAuts
     D:4: 130 daAuts
